 Dungeon Crawl Stone Soup version 0.26-a0-712-ga5a9c9c9d0 (webtiles) character file.

Game seed: 7092006289173605132

(classic levelgen) 2463 EnegeticOcto the Cleaver (level 9, -4/82 HPs)
             Began as a Deep Dwarf Fighter on Nov 4, 2020.
             Slain by a large slime creature (21 damage)
             ... on level 6 of the Dungeon.
             The game lasted 00:02:33 (3203 turns).

EnegeticOcto the Cleaver (Deep Dwarf Fighter)       Turns: 3203, Time: 00:02:33

Health: -4/82      AC:  6    Str: 24    XL:     9   Next: 26%
Magic:  4/4        EV:  5    Int:  8    God:
Gold:   265        SH: 11    Dex: 12    Spells: 8/8 levels left

rFire    . . .     SeeInvis .   m - +1 war axe (venom)
rCold    . . .     Faith    .   c - +0 kite shield
rNeg     . . .     Spirit   .   y - +0 plate armour
rPois    .         Reflect  .   a - +0 helmet
rElec    .         Harm     .   (no cloak)
rCorr    .         Rampage  .   (no gloves)
MR       +....                  (no boots)
Stlth    ..........             (no amulet)
HPRegen  0.00/turn              (no ring)
MPRegen  0.09/turn              (no ring)

@: corroded, non-regenerating
A: damage resistance, heal wounds, sense surroundings 2, no regeneration
a: Heal Wounds


You were on level 6 of the Dungeon.
You visited 2 branches of the dungeon, and saw 7 of its levels.

You collected 388 gold pieces.
You spent 123 gold pieces at shops.

Inventory:

Hand Weapons
 m - a +1 war axe of venom (weapon)
Missiles
 f - 3 throwing nets (quivered)
Armour
 a - a +0 helmet (worn)
 b - a +0 scale mail
 c - a +0 kite shield (worn)
 w - a +0 chain mail
 y - a +0 plate armour (worn)
Jewellery
 s - an uncursed amulet of the acrobat {unknown}
Wands
 h - a wand of iceblast (10) {@v2}
Scrolls
 g - a scroll of remove curse {unknown}
 j - 2 scrolls of fog {unknown}
 l - 2 scrolls of amnesia {unknown}
 p - 3 scrolls of identify {unknown}
 r - 3 scrolls of teleportation {unknown}
 t - a scroll of noise {unknown}
 u - a scroll of blinking {unknown}
 x - a scroll of fear {unknown}
Potions
 d - a potion of might {@q3}
 e - 2 potions of curing {unknown}
 i - a potion of degeneration {unknown}
 k - a potion of berserk rage {unknown}
 n - 2 potions of brilliance {unknown}
 o - 2 potions of lignification {unknown}
 q - a potion of ambrosia {unknown}
 v - a potion of stabbing {unknown}


   Skills:
 + Level 5.7 Fighting
 * Level 8.9 Axes
 + Level 7.0 Armour
 + Level 7.0 Shields


You had 8 spell levels left.
You didn't know any spells.
Your spell library was empty.

Dungeon Overview and Level Annotations

Branches:
Dungeon (6/15)             Temple (1/1) D:4

Altars:
Ashenzari
Cheibriados
Dithmenos
Elyvilon
Hepliaklqana
Kikubaaqudgha
Nemelex Xobeh
Okawaru
Qazlal
Ru
Sif Muna
Trog
Uskayaw
Wu Jian
Zin

Shops:
D:4 *=::(

Annotations:
D:3 1 runed translucent door, akrivosticles's ghost, amateur KoBr


Innate Abilities, Weirdness & Mutations

You are resistant to damage.
You can heal yourself by infusing magical energy.
You passively map the area around you.
You do not regenerate.


Message History

The kobold shouts!
A kobold is nearby!
A kobold is nearby!
You closely miss the kobold. You block the kobold's attack.
Your shield and plate armour prevent you from hitting the kobold.
You block the kobold's attack.
You hit the kobold.
You kill the kobold!
You are no longer poisoned.
No target in view!
No target in view!
No target in view!
No target in view!
No target in view!
No target in view!
No target in view!
No target in view!
No target in view!
You see here a kobold corpse.
You open the door.
An ooze, a jelly and a slime creature come into view.
The ooze quivers.
The jelly quivers.
The slime creature quivers.
There are monsters nearby!
There are monsters nearby!
There are monsters nearby!
There are monsters nearby! 3 oozes, 3 jellies and a slime creature come into view.
The jelly quivers. x2; The ooze quivers.
The slime creature quivers.
The ooze quivers.
The jelly quivers.
Found four goblin skeletons, a rat skeleton, a bat skeleton and 22 stones.
There is an open door here.
You slash the slime creature!
The slime creature is moderately wounded.
You hit the ooze but do no damage.
The ooze is poisoned.
The ooze hits you but does no damage. You block the slime creature's attack.
You hit the slime creature.
The slime creature is moderately wounded.
You slash the ooze! You slash the jelly! The acid corrodes you!
Your hands burn!
You block the ooze's attack.
The ooze jiggles.
The slime creature hits you!
* * * LOW HITPOINT WARNING * * *
The jelly hits you but does no damage. You block the ooze's attack.
The jelly hits the fungus.
The fungus begins to die.
The fungus is splashed with acid.
The acid corrodes the fungus!
The slime creature hits you.
* * * LOW HITPOINT WARNING * * *
You are too injured to fight recklessly!
You are too injured to fight recklessly!
You are too injured to fight recklessly!
You are too injured to fight recklessly!
You are too injured to fight recklessly!
You are too injured to fight recklessly!
You are too injured to fight recklessly!
You are too injured to fight recklessly!
You are too injured to fight recklessly!
You are too injured to fight recklessly!
You are too injured to fight recklessly!
You are too injured to fight recklessly!
You are too injured to fight recklessly!
You are too injured to fight recklessly!
You are too injured to fight recklessly!
You are too injured to fight recklessly!
You are too injured to fight recklessly!
You are too injured to fight recklessly!
You are too injured to fight recklessly!
You are too injured to fight recklessly!
You are too injured to fight recklessly!
Your plate armour prevents you from hitting the slime creature.
The slime creature is moderately wounded.
You slash the ooze!
You kill the ooze!
You hit the jelly.
You kill the jelly!
Your Armour skill increases to level 7!
Your Shields skill increases to level 7!
The jelly hits the fungus.
The fungus is splashed with acid.
You block the slime creature's attack.
The ooze hits the fungus.
The fungus begins to die.
You slash the slime creature!
The slime creature is heavily wounded.
You slash the jelly! The acid corrodes you!
Your hands burn!
* * * LOW HITPOINT WARNING * * *
Two slime creatures merge to form a large slime creature.
You hit the large slime creature.
The large slime creature is moderately wounded.
You hit the ooze. You hit the jelly but do no damage.
The jelly is poisoned.
Your hands burn!
* * * LOW HITPOINT WARNING * * *
A nearby fungus withers and dies.
The jelly hits you but does no damage. You block the ooze's attack.
The ooze hits the fungus.
You block the jelly's attack.
You hit the large slime creature.
The large slime creature is moderately wounded.
You slash the ooze!
You kill the ooze!
You slash the jelly!
You kill the jelly!
The large slime creature hits you!!
You die...

* ,* ** * * * * #. ,
*########## #####' ,,
(..P..÷..# #..... *,
..÷....P.# #..).. *
*..÷......##########..... *
* **.÷÷......##.............
, * .P..÷PJ..##.#######.....
, * .P..JJJJ.##.# #..... * *
#######@# #.# #####. ,,,
##†.....## #.# ######. * * *
*#.######## #.# #......
##..'....# #.# #...... ,*
####....###.# #......
,*#.......##..######...... *
,,,*#...[...##.#............
, #.......##.#............
*, #.......##.#............


You could see a large slime creature, 2 jellies and 2 oozes.

Vanquished Creatures
  Maggie (D:6)
  Menkaure (D:6)
  2 water moccasins (D:5)
  Duvessa (D:6)
  3 orc warriors (D:6)
  An ogre (D:5)
  3 phantoms
  A bullfrog (D:6)
  3 big kobolds (D:6)
  Blork the orc (D:6)
  Dowan (D:6)
  A scorpion (D:4)
  4 jellies
  2 orc priests (D:6)
  A centaur skeleton (D:4)
  Jessica (D:2)
  An iguana (D:6)
  6 orc wizards
  A worker ant (D:5)
  10 gnolls
  9 adders
  A shadow imp (D:5)
  A white imp (D:3)
  2 oozes (D:6)
  An adder skeleton (D:4)
  4 worms
  4 leopard geckos
  15 orcs
  6 bats
  7 goblins
  3 hobgoblins
  5 jackals
  2 quokkas (D:5)
  3 ball pythons (D:2)
  3 frilled lizards
  15 kobolds
  6 rats
132 creatures vanquished.

Vanquished Creatures (others)
  A fungus (D:6)
  12 toadstools (D:6)
13 creatures vanquished.

Grand Total: 145 creatures vanquished

Notes
Turn   | Place    | Note
-------+----------+-------------------------------------------
     0 | D:1      | EnegeticOcto the Deep Dwarf Fighter began the quest for the
                  | Orb.
     0 | D:1      | Reached XP level 1. HP: 20/20 MP: 1/1
    49 | D:2      | Reached XP level 2. HP: 27/27 MP: 2/2
    61 | D:2      | Reached skill level 3 in Axes
    63 | D:2      | Reached XP level 3. HP: 30/34 MP: 3/3
    77 | D:2      | Reached XP level 4. HP: 37/42 MP: 4/4
   170 | D:4      | Reached skill level 4 in Axes
   177 | D:4      | Found Laoguc's Jewellery Shoppe.
   240 | D:4      | Found Vokalaro's General Store.
   275 | D:4      | Noticed a phantom
   281 | D:4      | Reached XP level 5. HP: 41/49 MP: 4/4
   319 | D:4      | Killed a phantom
   383 | D:4      | Found Raxyumn's Book Boutique.
   525 | D:4      | Found Miocaret's Book Emporium.
   534 | D:4      | Found a staircase to the Ecumenical Temple.
   540 | D:4      | Reached XP level 6. HP: 39/57 MP: 5/5
   546 | Temple   | Entered the Ecumenical Temple
   788 | D:4      | Found an ancient bone altar of Kikubaaqudgha.
   855 | D:4      | Found Wotom's Antique Weapon Shoppe.
  1130 | D:4      | Bought a +1 war axe of venom for 123 gold pieces
  1140 | D:5      | Entered Level 5 of the Dungeon
  1207 | D:5      | Reached skill level 5 in Axes
  1307 | D:5      | Noticed a water moccasin
  1319 | D:5      | Killed a water moccasin
  1319 | D:5      | Reached XP level 7. HP: 36/64 MP: 5/5
  1366 | D:5      | You fall into a shaft and drop 1 floor!
  1367 | D:6      | Noticed Dowan
  1367 | D:6      | Noticed Duvessa
  1385 | D:6      | Killed Dowan
  1385 | D:6      | Reached skill level 5 in Armour
  1385 | D:6      | Reached skill level 5 in Shields
  1391 | D:6      | Killed Duvessa
  1391 | D:6      | Reached skill level 6 in Axes
  1404 | D:6      | Noticed Blork the orc
  1409 | D:6      | Killed Blork the orc
  1551 | D:5      | Reached XP level 8. HP: 55/73 MP: 5/5
  1633 | D:5      | Found a sparkling altar of Nemelex Xobeh.
  1987 | D:2      | Noticed Jessica
  1996 | D:2      | Killed Jessica
  1996 | D:2      | Reached skill level 7 in Axes
  2598 | D:3      | Found a runed translucent door.
  2602 | D:3      | Noticed akrivosticles's ghost (amateur KoBr)
  2861 | D:6      | Reached skill level 5 in Fighting
  2930 | D:6      | Noticed Maggie
  2941 | D:6      | Killed Maggie
  2941 | D:6      | Reached skill level 8 in Axes
  3024 | D:6      | Gained mutation: You passively map the area around you.
                  | [Deep Dwarf growth]
  3024 | D:6      | Reached XP level 9. HP: 48/81 MP: 6/6
  3042 | D:6      | Noticed Menkaure
  3070 | D:6      | Killed Menkaure
  3203 | D:6      | Slain by a large slime creature

Illustrated notes

Levels and vault maps discovered:
D:1:      dpeg_arrival_central, layout_basic
D:2:      minmay_wonky_spiral, layout_rooms, uniq_jessica
D:3:      layout_rooms, ebering_ghost_reflecting_pool
D:4:      layout_gridville, kennysheep_little_box,
          minmay_temple_entry_sparse_star, serial_shops, shop_coins,
          kennysheep_mini_moat, shop, nicolae_shop_stone, shop
D:5:      layout_loops_ring, nemelex_lonely_heart_becter
D:6:      cheibrodos_fertilizer, layout_basic, nicolae_tso_carved_into_rock,
          minmay_misc_feat_iff, st_stairs_6, uniq_blork_the_orc, uniq_maggie,
          uniq_duvessa, uniq_menkaure
Temple:   minmay_temple_curvy_branch

Skill      XL: |  1  2  3  4  5  6  7  8  9 |
---------------+----------------------------+-----
Axes           | 3 4 5 6 8 |  8.9
Fighting       | 3 4 5 |  5.7
Shields        | 4 5 6 7 |  7.0
Armour         | 4 5 6 7 |  7.0

Action                   |  1- 3 |  4- 6 |  7- 9 || total
-------------------------+-------+-------+-------++-------
Melee: War axe           |    29 |   118 |   233 ||   380
 Abil: Heal Wounds       |     2 |     4 |    15 ||    21
Armor: Scale mail        |    21 |    55 |    43 ||   119
       Chain mail        |       |       |     9 ||     9
       Plate armour      |       |       |    31 ||    31
Dodge: Dodged            |    21 |    43 |    48 ||   112
Block: Kite shield       |    30 |    82 |   146 ||   258

Table legend: (Time is in decaauts)
 A = Elapsed time spent in this place.
 B = Non-inter-level travel time spent in this place.
 C = Inter-level travel time spent in this place.
 D = Time resting spent in this place.
 E = Time spent auto-exploring this place.
 F = Levels seen in this place.
 G = Mean time per level.
                   A        B        C        D        E       F      G
               +--------+--------+--------+--------+--------+-----+--------+
         Total |   3305 |   3099 |    206 |      0 |   2288 |   7 |  472.1 |
       Dungeon |   3078 |   2877 |    201 |      0 |   2066 |   6 |  513.0 |
        Temple |    227 |    223 |      4 |      0 |    222 |   1 |  227.0 |
               +--------+--------+--------+--------+--------+-----+--------+

Top non-repeatable levels by time:
     D:4: 817 daAuts
     D:5: 695 daAuts
     D:2: 549 daAuts
     D:3: 515 daAuts
     D:6: 455 daAuts
  Temple: 227 daAuts
     D:1: 43 daAuts
